 Dungeon Crawl Stone Soup version 0.31-a0-1225-g50297eb6a4 (webtiles) character file.

Game seed: 13169192311125632820

3760 graki42 the Thaumaturge (level 9, -8/45 HPs)
             Began as a Deep Elf Conjurer on Dec 14, 2023.
             Was a Priest of Sif Muna.
             Killed by divine providence
             ... invoked by an orc priest
              (16 damage)
             ... on level 9 of the Dungeon.
             The game lasted 00:31:03 (8846 turns).

graki42 the Thaumaturge (Deep Elf Conjurer)         Turns: 8846, Time: 00:31:04

Health: -8/45      AC:  5    Str:  8    XL:     9   Next: 94%
Magic:  2/24       EV: 12    Int: 24    God:    Sif Muna [***...]
Gold:   251        SH:  0    Dex: 13    Spells: 15/26 levels left

rFire   . . .        h - +2 short sword (elec)
rCold   . . .        (no shield)
rNeg    . . .        a - +0 robe
rPois   .            c - +0 helmet
rElec   .            (no cloak)
rCorr   .            d - +0 pair of gloves
SInv    .            v - +0 pair of boots
Will    .....        (no amulet)
Stlth   ++           (no ring)
HPRegen 0.27/turn    (no ring)
MPRegen 0.19/turn

%: no passive effects
@: no status effects
A: no striking features
a: Renounce Religion, Channel Magic, Forget Spell


You were on level 9 of the Dungeon.
You worshipped Sif Muna.
Sif Muna was most pleased with you.
You visited 1 branch of the dungeon, and saw 9 of its levels.

You collected 444 gold pieces.
You spent 193 gold pieces at shops.

Inventory:

Hand Weapons
 h - a +2 short sword of electrocution (weapon)
Missiles
 r - 3 throwing nets
Armour
 a - a +0 robe (worn)
 c - a +0 helmet (worn)
 d - a +0 pair of gloves (worn)
 v - a +0 pair of boots (worn)
Jewellery
 t - a ring of ice
Wands
 z - a wand of paralysis (6)
 E - a wand of digging (2)
Scrolls
 f - a scroll of revelation {unknown}
 g - 3 scrolls of enchant armour {unknown}
 i - 8 scrolls of teleportation
 j - 3 scrolls of poison {unknown}
 o - 4 scrolls of brand weapon
 p - a scroll of noise {unknown}
 q - a scroll of enchant weapon {unknown}
 y - a scroll of torment {unknown}
 A - 2 scrolls of amnesia {unknown}
 B - 2 scrolls of vulnerability {unknown}
 C - a scroll of immolation {unknown}
 D - 2 scrolls of acquirement {unknown}
 F - a scroll of butterflies {unknown}
Potions
 b - a potion of magic
 e - 2 potions of resistance
 k - 3 potions of attraction
 l - 2 potions of might
 m - a potion of degeneration
 n - 4 potions of curing
 s - a potion of brilliance
 u - a potion of cancellation
 w - 2 potions of invisibility
 x - a potion of mutation


   Skills:
 - Level 3.0 Dodging
 - Level 3.0 Stealth
 + Level 9.4 Spellcasting
 + Level 8.7 Conjurations
 + Level 7.4 Hexes
 + Level 6.0 Translocations
 + Level 6.9 Invocations


You had 15 spell levels left.
You knew the following spells:

 Your Spells              Type           Power      Damage    Failure   Level
a - Magic Dart            Conj           100%       1d8       1%          1
b - Searing Ray           Conj           100%       2d8       1%          2
c - Fulminant Prism       Conj/Hex       25%        3d13      1%          4
d - Iskenderun's Mystic   Conj/Tloc      46%        2d10      2%          4

Your spell library contained the following spells:

 Spells                   Type           Power      Damage    Failure   Level
 Blink                    Tloc           80%        N/A       1%          2
 Lesser Beckoning         Tloc           80%        N/A       1%          2
 Momentum Strike          Conj/Tloc      92%        3d10      1%          2
 Dazzling Flash           Conj/Hex       100%       N/A       1%          3
 Vhi's Electric Charge    Tloc/Air       50%        N/A       16%         4
 Arcjolt                  Conj/Air       16%        1d26      26%         5
 Plasma Beam              Fire/Air       5%         2x1d16    100%        6


Dungeon Overview and Level Annotations

Branches:
Dungeon (9/15)             Temple (0/1) D:7
   Lair: D:8-11         Orc: D:9-12

Altars:
Dithmenos
Hepliaklqana
Sif Muna
Xom
The Shining One

Shops:
D:4 [   D:5 *[[   D:7 =


Message History

Your fulminant prism crackles loudly.
You hear an angry buzzing noise. x3
Unknown command.
Casting: Fulminant Prism (dangerous; 1% risk of failure)
Confirm with . or Enter, or press ? or * to list all spells.
Aiming: Searing Ray (safe; 1% risk of failure)
Press: ? - help, Shift-Dir - straight line, f - orc
Aim: an orc, wielding a +0 hand axe and wearing a +0 leather armour (83% to hit)
The searing ray hits the orc.
The orc is severely wounded. (Press . to maintain the ray.)
Your fulminant prism explodes!
The blast of energy engulfs the orc warrior!
You kill the orc warrior!
Sif Muna accepts your kill.
You hear an angry buzzing noise. x2
Unknown command.
The searing ray hits the orc.
You kill the orc!
Sif Muna accepts your kill.
Casting: Searing Ray (safe; 1% risk of failure)
Confirm with . or Enter, or press ? or * to list all spells.
Aiming: Searing Ray (safe; 1% risk of failure)
Press: ? - help, Shift-Dir - straight line, f - orc warrior
Aim: an orc warrior, wielding a +0 glaive and wearing a +0 chain mail (81% to hit)
The searing ray hits the orc warrior!
The orc warrior is heavily wounded. (Press . to maintain the ray.)
An orc priest comes into view. It is wielding a +0 hand axe.
An orc comes into view. It is wielding a +0 dagger.
The searing ray hits the orc warrior but does no damage.
The orc warrior is heavily wounded.
The orc shouts!
The searing ray hits the orc warrior but does no damage.
The orc warrior is heavily wounded.
The orc warrior hits you from afar with a +0 glaive!
* * * LOW HITPOINT WARNING * * *
The orc priest calls down the wrath of Beogh upon you.
Beogh smites you!
You die...

................#
.....$?..........
........oo......#
................#
..........).....#
........)..)....#
.......)o)......#
.............)..#
#####...@.####.##
#..)).# # #...).#
#..)..# #......
#.....#.
#.....#.. #.....#
..


You could see an orc warrior, an orc priest and an orc.

Vanquished Creatures
  The ghost of p0werm0de the Shield-Bearer, a novice MiFi of Cheibriados (D:6)
  Eustachio (D:6)
  4 yaks (D:5)
  2 acid dragons
  An ice beast (D:4)
  An orc warrior (D:9)
  A sky beast (D:7)
  2 phantoms
  5 kobold brigands
  3 bullfrogs
  3 scorpions
  7 wights
  2 howler monkeys
  2 hounds (D:5)
  2 jellies (D:4)
  3 orc priests
  A sleepcap (D:5)
  3 iguanas
  3 orc wizards
  14 gnolls
  7 adders
  2 river rats (D:7)
  10 ufetubi
  A worm (D:3)
  4 dart slugs
  27 orcs
  7 endoplasms
  3 giant cockroaches (D:1)
  2 hobgoblins (D:1)
  4 jackals (D:2)
  32 kobolds
  4 quokkas
  13 ball pythons
  6 bats
  3 frilled lizards
  6 goblins
  7 rats
199 creatures vanquished.

Vanquished Creatures (others)
  12 fulminant prisms
12 creatures vanquished.

Grand Total: 211 creatures vanquished

Notes
Turn   | Place    | Note
-------+----------+-------------------------------------------
     0 | D:1      | graki42 the Deep Elf Conjurer began the quest for the Orb.
     0 | D:1      | Reached XP level 1. HP: 10/10 MP: 6/6
   228 | D:1      | Reached XP level 2. HP: 15/15 MP: 6/8
   232 | D:1      | Learned a level 2 spell: Searing Ray
   765 | D:1      | Found Vykex's Book Emporium.
  1044 | D:2      | Reached XP level 3. HP: 19/19 MP: 7/10
  1374 | D:2      | Reached skill level 4 in Spellcasting
  1467 | D:2      | Found a shimmering blue altar of Sif Muna.
  1480 | D:2      | Reached skill level 5 in Conjurations
  1483 | D:2      | Became a worshipper of Sif Muna the Loreminder
  1730 | D:3      | Reached XP level 4. HP: 24/24 MP: 3/12
  1813 | D:3      | Found a shadowy altar of Dithmenos.
  2047 | D:3      | Reached skill level 1 in Invocations
  2337 | D:3      | Reached * piety under Sif Muna
  2338 | D:3      | Reached XP level 5. HP: 28/28 MP: 8/14
  2744 | D:4      | Found Yvvuu's Armour Emporium.
  2790 | D:4      | Reached skill level 5 in Spellcasting
  2901 | D:4      | Noticed an ice beast
  2915 | D:4      | Killed an ice beast
  2916 | D:4      | Reached XP level 6. HP: 26/32 MP: 0/16
  3028 | D:4      | Learned a level 4 spell: Fulminant Prism
  3033 | D:4      | Learned a level 4 spell: Iskenderun's Mystic Blast
  3219 | D:4      | Reached skill level 1 in Hexes
  3219 | D:4      | Reached skill level 1 in Translocations
  3348 | D:4      | Reached skill level 6 in Spellcasting
  3459 | D:4      | Found a shimmering altar of Xom.
  3474 | D:4      | Reached XP level 7. HP: 36/36 MP: 11/18
  3622 | D:4      | Identified the +5 falchion "Wem Kamu" {antimagic, rC++
                  | Str-2 Dex+5}
  3906 | D:5      | Entered Level 5 of the Dungeon
  3906 | D:5      | Found Iquvai's Assorted Antiques.
  3906 | D:5      | Found Teanliext's Antique Armour Boutique.
  3906 | D:5      | Found Xerues's Armour Boutique.
  3911 | D:5      | Bought 3 scrolls labelled ULEOXO YLLUO for 78 gold pieces
  3911 | D:5      | Bought a bubbling inky potion for 23 gold pieces
  3911 | D:5      | Bought 2 clear potions for 46 gold pieces
  3911 | D:5      | Bought a bubbling golden potion for 23 gold pieces
  3911 | D:5      | Bought a bubbling inky potion for 23 gold pieces
  4134 | D:5      | Found a hazy altar of Hepliaklqana.
  4510 | D:5      | Identified the +8 ring mail of Jihysch {rElec}
  4810 | D:5      | Reached ** piety under Sif Muna
  5574 | D:6      | Noticed a yak
  5574 | D:6      | Noticed a yak
  5574 | D:6      | Noticed a yak
  5574 | D:6      | Noticed a yak
  5582 | D:5      | Killed a yak
  5764 | D:5      | Reached XP level 8. HP: 31/41 MP: 6/20
  5879 | D:5      | Reached skill level 7 in Spellcasting
  6034 | D:5      | Reached skill level 5 in Invocations
  6245 | D:6      | Found a large runed translucent door.
  6246 | D:6      | Found a large runed translucent door.
  6250 | D:6      | Noticed p0werm0de's ghost (novice MiFi)
  6251 | D:6      | Noticed Eustachio
  6258 | D:6      | Killed Eustachio
  6259 | D:6      | Reached skill level 5 in Hexes
  6478 | D:6      | Reached *** piety under Sif Muna
  6479 | D:6      | Reached skill level 8 in Spellcasting
  6513 | D:6      | Reached XP level 9. HP: 45/45 MP: 7/23
  7293 | D:6      | Killed p0werm0de's ghost
  7294 | D:6      | Reached skill level 5 in Translocations
  7744 | D:7      | Reached skill level 9 in Spellcasting
  7767 | D:7      | Found a glowing golden altar of the Shining One.
  7779 | D:7      | HP: 2/43 [wight/+4 war axe of freezing (4)]
  8433 | D:7      | Found Soh Qov's Jewellery Shop.
  8606 | D:7      | Found a staircase to the Ecumenical Temple.
  8846 | D:9      | Killed from afar by an orc priest

Illustrated notes

Levels and vault maps discovered:
D:1:      doesnt_arrival_eight_statues, layout_basic, serial_shops, shop,
          minmay_misc_feat_nine_boxes
D:2:      layout_basic, basic_altar, serial_bayou_ford_a
D:3:      layout_loops_ring, mainiacjoe_overflow_cross_hatched
D:4:      layout_basic, dk_xom_monty_hall, serial_shops,
          nicolae_shop_hallway_stairs
D:5:      kennysheep_kobold_camp, layout_basic, lemuel_doored_altar,
          nicolae_shop_distant_corner_stores, minmay_misc_feat_tower,
          saegor_snake_ambush
D:6:      layout_loops_ring, ebering_ghost_disaster_area,
          kennysheep_big_empty_room, uniq_eustachio
D:7:      wad_woods_settlement, layout_basic, tso_metal_star,
          minmay_temple_entry_antechambers, serial_shops, shop, st_stairs_6
D:8:      layout_loops_cross, nicolae_kikubaaqudgha_miasma_corner
D:9:      layout_basic, kennysheep_mini

Skill      XL: |  1  2  3  4  5  6  7  8  9 |
---------------+----------------------------+-----
Stealth        | 3 |  3.0
Dodging        | 3 |  3.0
Spellcasting   | 4 5 6 8 9 |  9.4
Conjurations   | 5 6 7 8 |  8.7
Invocations    | 1 2 3 4 5 6 |  6.9
Hexes          | 2 3 5 7 |  7.4
Translocations | 1 2 4 6 |  6.0

Action                     |  1- 3 |  4- 6 |  7- 9 || total
---------------------------+-------+-------+-------++-------
  Melee: Short sword       |       |       |    38 ||    38
   Cast: Magic Dart        |    60 |    28 |    58 ||   146
         Searing Ray       |     6 |    19 |    54 ||    79
         Iskenderun's Myst |       |       |    21 ||    21
         Fulminant Prism   |       |       |    12 ||    12
 Invoke: Channel Magic     |       |       |     2 ||     2
  Evoke: Wand              |       |       |     1 ||     1
    Use: Scroll            |       |       |    10 ||    10
         Potion            |       |       |     1 ||     1
 Armour: Robe              |     3 |    11 |    77 ||    91
  Dodge: Dodged            |     2 |     9 |    81 ||    92

Table legend: (Time is in decaauts)
 A = Elapsed time spent in this place.
 B = Non-inter-level travel time spent in this place.
 C = Inter-level travel time spent in this place.
 D = Time resting spent in this place.
 E = Time spent auto-exploring this place.
 F = Levels seen in this place.
 G = Mean time per level.
                   A        B        C        D        E       F      G
               +--------+--------+--------+--------+--------+-----+--------+
         Total |   8878 |   8666 |    212 |   1003 |   6412 |   9 |  986.4 |
       Dungeon |   8878 |   8666 |    212 |   1003 |   6412 |   9 |  986.4 |
               +--------+--------+--------+--------+--------+-----+--------+

Top non-repeatable levels by time:
     D:5: 2086 daAuts
     D:4: 1356 daAuts
     D:6: 1338 daAuts
     D:7: 1302 daAuts
     D:1: 1033 daAuts
     D:3: 996 daAuts
     D:2: 674 daAuts
     D:8: 74 daAuts
     D:9: 15 daAuts
